 Seeded DCSS version 0.28-a0-1613-gdaab1c2f9b (webtiles) character file.

Game seed: 11 (custom seed)

14043 knot the Cleaver (level 11, -1/75 HPs)
             Began as a Demonspawn Berserker on Jan 21, 2022.
             Was a Priest of Trog.
             Slain by a boulder beetle (15 damage)
             ... on level 11 of the Dungeon.
             The game lasted 00:25:39 (18958 turns).

knot the Cleaver (Demonspawn Berserker)            Turns: 18958, Time: 00:25:39

Health: -1/75      AC: 19    Str: 23    XL:     11   Next: 83%
Magic:  0/11       EV:  5    Int: 13    God:    Trog [***...]
Gold:   841        SH:  0    Dex: 15    Spells: 10/10 levels left

rFire   + . .      SeeInvis .   v - +5 battleaxe
rCold   + + .      Faith    .   (shield currently unavailable)
rNeg    . . .      Spirit   +   I - +0 crystal plate armour
rPois   +          Reflect  .   g - +1 helmet
rElec   .          Harm     .   D - scarf {rC+ rF+}
rCorr   .          Rampage  .   R - +0 pair of gloves of the Lost Path {rPois Dex+2 Slay+3}
Will    .....                   J - +0 pair of boots "Riemin" {+Inv rPois}
Stlth   ..........              w - amulet of magic regeneration
HPRegen 0.22/turn               N - +6 ring of strength
MPRegen 0.64/turn               T - ring of protection from cold

@: flying
A: powered by death 2, magic shield, magic regeneration, sturdy frame 1,
weakness stinger 1
a: Renounce Religion, Evoke Invisibility, Berserk, Trog's Hand


You were on level 11 of the Dungeon.
You worshipped Trog.
Trog was most pleased with you.
You visited 2 branches of the dungeon, and saw 12 of its levels.
You also visited: Sewer.

You collected 841 gold pieces.

Inventory:

Hand Weapons
 a - a +0 hand axe
 v - a +5 battleaxe (weapon)
 B - a +3 spear of venom
 Q - a +1 war axe of freezing
Missiles
 c - 6 curare-tipped darts
 f - 211 stones
 i - 3 boomerangs
 q - 2 atropa-tipped darts
 x - a throwing net
 C - 104 sling bullets
 P - 17 poisoned darts (quivered)
Armour
 g - a +1 helmet (worn)
 D - a scarf of resistance (worn)
 H - +0 acid dragon scales
 I - a +0 crystal plate armour (worn)
 J - the +0 pair of boots "Riemin" (worn) {+Inv rPois}
   (You found it on level 7 of the Dungeon)

   rPois:     It protects you from poison.
   +Inv:      It lets you turn invisible.
 R - the +0 pair of gloves of the Lost Path (worn) {rPois Dex+2 Slay+3}
   (You found it on level 10 of the Dungeon)

   Dex:       It affects your dexterity (+2).
   Slay:      It affects your accuracy & damage with ranged weapons and melee
   (+3).
   rPois:     It protects you from poison.
Jewellery
 w - an amulet of magic regeneration (around neck)
 N - a +6 ring of strength (left hand)
 T - a ring of protection from cold (right hand)
Wands
 h - a wand of iceblast (8)
 y - a wand of charming (14)
 L - a wand of flame (22)
 O - a wand of mindburst (6)
 S - a wand of acid (8)
Scrolls
 l - 2 scrolls of fog
 o - a scroll of summoning
 p - 4 scrolls of teleportation
 t - 2 scrolls of fear
 E - a scroll of vulnerability
 F - 3 scrolls of immolation
 G - 2 scrolls of blinking
 K - 2 scrolls of identify
 M - a scroll of silence
Potions
 b - a potion of invisibility
 d - 4 potions of mutation
 e - 5 potions of brilliance
 j - 2 potions of lignification
 k - 2 potions of curing
 m - a potion of magic
 n - 5 potions of degeneration
 r - 3 potions of cancellation {unknown}
 s - 3 potions of berserk rage
 u - 2 potions of flight
 z - a potion of haste
 A - a potion of might


   Skills:
 - Level 3.0 Fighting
 + Level 14.0 Axes
 * Level 8.0 Throwing
 - Level 1.7 Armour
 - Level 1.7 Dodging
 - Level 8.3 Evocations


You had 10 spell levels left.
You didn't know any spells.
Your spell library contained the following spells:

 Spells                   Type           Power      Damage    Failure   Level
 Foxfire                  Conj/Fire      0%         2x1d4     100%        1
 Blink                    Tloc           0%         N/A       100%        2
 Conjure Flame            Conj/Fire      0%         6-21      100%        3
 Frozen Ramparts          Ice            0%         1d2       100%        3
 Inner Flame              Hex/Fire       0%         N/A       100%        3
 Cause Fear               Hex            0%         N/A       100%        4
 Flame Wave               Conj/Fire      0%         2d4       100%        4
 Ice Form                 Ice/Tmut       0%         N/A       100%        4
 Summon Ice Beast         Ice/Summ       0%         N/A       100%        4
 Manifold Assault         Tloc           0%         N/A       100%        5
 Dragon Form              Tmut           0%         N/A       100%        7
 Storm Form               Tmut/Air       0%         N/A       100%        7
 Dragon's Call            Summ           0%         N/A       100%        9


Dungeon Overview and Level Annotations

Branches:
Dungeon (11/15)            Temple (1/1) D:7             Orc (0/2) D:9
  Sewer (visited)
   Lair: D:8-11

Altars:
Ashenzari
Cheibriados
Dithmenos
Elyvilon
Fedhas
Gozag
Hepliaklqana
Kikubaaqudgha
Makhleb
Nemelex Xobeh
Okawaru
Qazlal
Ru
Sif Muna
Trog
Uskayaw
Vehumet
Wu Jian
Xom
Yredelemnul
Zin
The Shining One

Shops:
D:9 *


Innate Abilities, Weirdness & Mutations

You regenerate health from kills.
When hurt, damage is shared between your health and your magic reserves.
You regenerate magic rapidly.
Your movements are slightly less encumbered by armour. (ER -2)
You have a small tail.


Message History

Throw: 18 darts (poison)
Press: ? - help, Q - select action, (/) - cycle Shift-Dir - straight line, f/p - redback
Aim: a redback shaped shifter (heavily wounded, 61% to hit)
You throw a poisoned dart. The poisoned dart hits the redback!
The redback is poisoned.
The redback is heavily wounded.
Throw: 3 boomerangs
Press: ? - help, Q - select action, (/) - cycle Shift-Dir - straight line, f/p - redback
Aim: a redback shaped shifter (heavily wounded, very poisoned, 61% to hit)
You throw a boomerang. The boomerang hits the redback.
The redback is severely wounded.
Unknown command.
You slice the redback!!
You kill the redback!
Trog accepts your kill.
You carefully extract the barbed spikes from your body.
You start resting.
HP restored.
You start waiting.
Done waiting.
You see here a shapeshifter corpse.
P - 18 poisoned darts (gained 1)
A boulder beetle comes into view.
The boulder beetle curls into a ball and begins rolling!
The boulder beetle hits you!!!
Ouch! That really hurt!
The boulder beetle stops rolling and uncurls.
You hear a bellow!
You hear an angry growl.
You hear an angry hiss.
You hear an angry buzzing noise. x2
Throw: 18 darts (poison)
Press: ? - help, Q - select action, (/) - cycle Shift-Dir - straight line, f - boulder beetle
Aim: a boulder beetle (91% to hit)
You throw a poisoned dart.
The poisoned dart hits the boulder beetle!
The boulder beetle is poisoned.
The boulder beetle bites you!!
* * * LOW HITPOINT WARNING * * *
You feel very buoyant.
You fly up into the air.
The boulder beetle bites you!!
You die...

#+# #.# #.# #.# #.#
#(####... #.°°.....
#B##○.... #@# ..P #.#
. ##.# #..# #.##
####.## #.....#
######+####
#.....######..........
#.........##..........


You could see a boulder beetle (very poisoned).

Vanquished Creatures
  An ogre mage (D:10)
  2 two-headed ogres (D:10)
  A cyclops (D:10)
  An ugly thing (D:10)
  Maurice (D:10)
  3 trolls
  3 hornets
  A shadow (D:9)
  6 yaks
  2 wyverns
  2 wraiths (D:10)
  Eustachio (D:4)
  A fire elemental (D:7)
  2 fire bats (D:7)
  A redback (shapeshifter) (D:11)
  A steam dragon (D:8)
  A vampire mosquito (D:10)
  Menkaure (D:7)
  2 acid dragons
  4 orc warriors
  3 ice beasts
  2 sky beasts (D:6)
  A black bear (D:8)
  5 ogres
  A black bear (shapeshifter) (D:10)
  6 centaurs
  2 necrophages
  2 phantoms
  3 kobold brigands (D:9)
  A bullfrog (D:9)
  A wyvern zombie (D:5)
  2 scorpions
  6 gnoll sergeants
  2 wyvern skeletons (D:6)
  18 killer bees
  A wight (D:10)
  A howler monkey (D:9)
  5 centaur zombies
  3 jellies
  2 orc priests
  4 gnoll shamans
  3 hounds
  3 bullfrog skeletons
  2 iguanas
  9 orc wizards
  A killer bee zombie (D:7)
  A centaur simulacrum (D:10)
  A howler monkey zombie (D:6)
  15 gnolls
  A howler monkey skeleton (D:6)
  5 adders
  7 river rats
  A worm (D:2)
  A dart slug (D:3)
  18 orcs
  8 bats
  6 endoplasms
  4 giant cockroaches
  4 goblins
  3 hobgoblins
  4 jackals
  2 quokkas
  11 ball pythons
  5 frilled lizards
  13 kobolds
  16 rats
252 creatures vanquished.

Vanquished Creatures (collateral kills)
  A kobold demonologist (D:10)
  A black bear (D:6)
  2 centaurs
  A howler monkey skeleton (D:6)
  A gnoll (D:6)
  A white imp (D:6)
7 creatures vanquished.

Vanquished Creatures (others)
  A shadow (D:10)
  A vampire mosquito (D:10)
  A killer bee (D:10)
3 creatures vanquished.

Grand Total: 262 creatures vanquished

Notes
Turn   | Place    | Note
-------+----------+-------------------------------------------
     0 | D:1      | knot the Demonspawn Berserker began the quest for the Orb.
     0 | D:1      | Reached XP level 1. HP: 18/18 MP: 1/1
    31 | D:1      | Reached skill level 3 in Axes
   326 | D:1      | Gained mutation: You regenerate a little health from kills.
                  | [demonic ancestry]
   326 | D:1      | Reached XP level 2. HP: 24/24 MP: 2/2
   586 | D:1      | Found a faded altar of an unknown god.
   814 | D:2      | Gained mutation: Your movements are slightly less
                  | encumbered by armour. (ER -2) [demonic ancestry]
   814 | D:2      | Reached XP level 3. HP: 24/29 MP: 3/3
  1034 | D:2      | Reached skill level 4 in Axes
  1245 | D:2      | Reached ** piety under Trog
  1880 | D:3      | Found a glowing drain.
  1901 | D:3      | Reached XP level 4. HP: 26/35 MP: 4/4
  2054 | Sewer    | Entered a sewer
  2126 | Sewer    | Reached skill level 5 in Axes
  2677 | Sewer    | Reached XP level 5. HP: 23/41 MP: 5/5
  3679 | D:3      | Found a shadowy altar of Dithmenos.
  3682 | D:3      | Found a bloodstained altar of Trog.
  3683 | D:3      | Found a basalt altar of Yredelemnul.
  3683 | D:3      | Found a radiant altar of Vehumet.
  3683 | D:3      | Found a burning altar of Makhleb.
  3685 | D:3      | Found a broken altar of Ashenzari.
  3686 | D:3      | Found a snail-covered altar of Cheibriados.
  3688 | D:3      | Found a sacrificial altar of Ru.
  3919 | D:4      | Reached skill level 6 in Axes
  4074 | D:4      | Gained mutation: You have a small tail. [demonic ancestry]
  4074 | D:4      | Reached XP level 6. HP: 45/47 MP: 6/6
  4562 | D:4      | Noticed Eustachio
  5193 | D:4      | Killed Eustachio
  5194 | D:4      | Reached skill level 7 in Axes
  5194 | D:4      | Gained mutation: You regenerate health from kills. [demonic
                  | ancestry]
  5194 | D:4      | Reached XP level 7. HP: 52/52 MP: 7/7
  6050 | D:5      | Entered Level 5 of the Dungeon
  6578 | D:5      | Reached skill level 8 in Axes
  6962 | D:5      | Reached skill level 9 in Axes
  6962 | D:5      | Reached XP level 8. HP: 58/58 MP: 8/8
  8556 | D:6      | Reached skill level 10 in Axes
  9277 | D:6      | Reached skill level 11 in Axes
  9489 | D:6      | Gained mutation: You regenerate magic rapidly. [demonic
                  | ancestry]
  9489 | D:6      | Reached XP level 9. HP: 47/63 MP: 9/9
 10516 | D:7      | Noticed Menkaure
 10678 | D:7      | Killed Menkaure
 10999 | D:7      | Reached skill level 12 in Axes
 11194 | D:7      | Paralysed by a hornet for 1 turns
 11455 | D:7      | Found a transporter.
 11474 | D:7      | Found a transporter.
 11517 | D:7      | Identified the +0 pair of boots "Riemin" {+Inv rPois}
 11858 | D:7      | Reached skill level 1 in Throwing
 11858 | D:7      | Reached skill level 1 in Evocations
 12307 | D:7      | Found a staircase to the Ecumenical Temple.
 12316 | Temple   | Entered the Ecumenical Temple
 12996 | D:8      | Found a hazy altar of Hepliaklqana.
 12996 | D:8      | Found an ancient bone altar of Kikubaaqudgha.
 13030 | D:8      | Reached skill level 13 in Axes
 13072 | D:8      | Reached *** piety under Trog
 13160 | D:8      | Reached XP level 10. HP: 70/70 MP: 10/10
 14761 | D:8      | Found a hide-covered altar of Uskayaw.
 14982 | D:9      | Found Taakeir's General Store.
 15682 | D:9      | Found a staircase to the Orcish Mines.
 15721 | D:9      | Reached skill level 5 in Evocations
 16074 | D:10     | Entered Level 10 of the Dungeon
 16078 | D:10     | Identified the +0 pair of gloves of the Lost Path {rPois
                  | Dex+2 Slay+3}
 16113 | D:10     | Reached skill level 5 in Throwing
 16148 | D:10     | Reached **** piety under Trog
 16564 | D:10     | Noticed Maurice
 16569 | D:10     | Gained mutation: When hurt, damage is shared between your
                  | health and your magic reserves. [demonic ancestry]
 16569 | D:10     | Reached XP level 11. HP: 75/75 MP: 11/11
 16588 | D:10     | Killed Maurice
 16777 | D:10     | Noticed a two-headed ogre
 16783 | D:10     | Killed a two-headed ogre
 17352 | D:10     | Noticed an ogre mage
 17368 | D:10     | Killed an ogre mage
 17767 | D:10     | Noticed a two-headed ogre
 17776 | D:10     | Killed a two-headed ogre
 18009 | D:10     | Noticed a green ugly thing
 18016 | D:10     | Killed a green ugly thing
 18720 | D:11     | Reached skill level 14 in Axes
 18954 | D:11     | Noticed a boulder beetle
 18958 | D:11     | Slain by a boulder beetle

Illustrated notes

Levels and vault maps discovered:
D:1:      minmay_arrival_nine_rooms, layout_rooms, basic_ecumenical_altar
D:2:      layout_basic
D:3:      layout_loops_ring, minitemple, portal_sewer_entry_b,
          lemuel_old_faithful
D:4:      layout_basic, uniq_eustachio
D:5:      layout_layer_cave, minivault_24
D:6:      minmay_chambers_of_threes, layout_basic
D:7:      gammafunk_cloud_chamber, layout_loops_cross, lemuel_temple_firewalk_b,
          uniq_menkaure
D:8:      minmay_flawed_box, layout_basic, lemuel_coloured_pillars_altar,
          grunt_temple_overflow_open, serial_aquarium,
          aquarium_bridge_island_small [aquarium_subvault_small_water,
          aquarium_subvault_balcony, aquarium_subvault_balcony,
          aquarium_subvault_bridge, aquarium_subvault_wall],
          aquarium_window_fake, aquarium_window_fake, aquarium_window_fake,
          aquarium_view_2c, aquarium_view_2g, aquarium_pool_double
D:9:      minmay_general_purpose_star, layout_loops_ring,
          kennysheep_orc_monster_closet_entryway, serial_shops,
          nicolae_shop_crystal, minmay_misc_feat_nine_boxes,
          hangedman_decor_points
D:10:     minmay_the_grid_net [minmay_the_grid_outer_diamond,
          minmay_the_grid_minigrid_medium, minmay_the_grid_spikes,
          minmay_the_grid_slots, minmay_the_grid_small_cups,
          minmay_the_grid_prize_inner_circle], layout_stronghold, uniq_maurice
D:11:     layout_roguey, david_lair_generic
Temple:   zaba_magenta_temple

Skill      XL: |  1  2  3  4  5  6  7  8  9 10 11 |
---------------+----------------------------------+-----
Axes           | 3 4 5 6 7 9 11 13 14 | 14.0
Throwing       | 1 5 8 |  8.0
Evocations     | 2 6 8 |  8.3
Fighting       | |  3.0
Armour         | |  1.7
Dodging        | |  1.7

Action                   |  1- 3 |  4- 6 |  7- 9 | 10-12 || total
-------------------------+-------+-------+-------+-------++-------
Melee: Hand axe          |   143 |   149 |    99 |    73 ||   464
       Punch             |       |     2 |     5 |     4 ||    11
       Tailslap          |       |     5 |    48 |    50 ||   103
       Spear             |       |       |   206 |    86 ||   292
       War axe           |       |       |       |   115 ||   115
       Battleaxe         |       |       |       |    47 ||    47
Throw: Stone             |     1 |     4 |       |       ||     5
       Dart              |       |     5 |       |     2 ||     7
       Boomerang         |       |       |    61 |    64 ||   125
Invok: Berserk           |     5 |     8 |    12 |    11 ||    36
       Trog's Hand       |       |     1 |       |     1 ||     2
       Brothers in Arms  |       |       |       |     1 ||     1
 Abil: Evoke Invisibilit |       |       |       |     1 ||     1
Evoke: Wand              |       |       |     2 |     4 ||     6
  Use: Potion            |       |       |     7 |     3 ||    10
       Scroll            |       |       |       |    17 ||    17
 Stab: Sleeping          |     3 |     3 |       |       ||     6
       Invisible         |       |       |       |    19 ||    19
Armor: Animal skin       |    32 |     6 |       |       ||    38
       Ring mail         |       |    19 |    39 |       ||    58
       Crystal plate arm |       |       |    26 |   208 ||   234
       Leather armour    |       |       |    17 |    12 ||    29
       Skin              |       |       |     8 |       ||     8
       Acid dragon scale |       |       |       |     4 ||     4
Dodge: Dodged            |   110 |    78 |   115 |   109 ||   412

Table legend: (Time is in decaauts)
 A = Elapsed time spent in this place.
 B = Non-inter-level travel time spent in this place.
 C = Inter-level travel time spent in this place.
 D = Time resting spent in this place.
 E = Time spent auto-exploring this place.
 F = Levels seen in this place.
 G = Mean time per level.
                   A        B        C        D        E       F      G
               +--------+--------+--------+--------+--------+-----+--------+
         Total |  19264 |  18651 |    613 |   6990 |   9467 |  13 | 1481.8 |
       Dungeon |  18058 |  17464 |    594 |   6372 |   9094 |  11 | 1641.6 |
        Temple |     73 |     55 |     18 |      0 |     50 |   1 |   73.0 |
         Sewer |   1132 |   1132 |      0 |    618 |    322 |   1 | 1132.0 |
               +--------+--------+--------+--------+--------+-----+--------+

Top non-repeatable levels by time:
     D:6: 2877 daAuts
    D:10: 2251 daAuts
     D:7: 2009 daAuts
     D:4: 1994 daAuts
     D:8: 1841 daAuts
     D:5: 1815 daAuts
     D:3: 1428 daAuts
     D:9: 1253 daAuts
   Sewer: 1132 daAuts
     D:2: 1081 daAuts
     D:1: 825 daAuts
    D:11: 679 daAuts
  Temple: 73 daAuts
